 Dungeon Crawl Stone Soup version 0.26.0-16-gc1dbca0489 (webtiles) character file.

Game seed: 17359828899813894723

8294 vvl the Spear-Bearer (level 11, -10/84 HPs)
             Began as a Demonspawn Fighter on Jan 22, 2021.
             Was a Priest of Fedhas.
             Mangled by a red ugly thing (13 damage)
             ... on level 10 of the Dungeon.
             The game lasted 00:28:50 (8261 turns).

vvl the Spear-Bearer (Demonspawn Fighter)           Turns: 8261, Time: 00:28:50

Health: -10/84     AC: 24    Str: 20    XL:     11   Next: 8%
Magic:  0/17       EV:  6    Int: 15    God:    Fedhas [***...]
Gold:   709        SH:  0    Dex: 13    Spells: 10/10 levels left

rFire    . . .     SeeInvis .   x - +3 quarterstaff (chaos)
rCold    . . .     Faith    .   (shield currently unavailable)
rNeg     . . .     Spirit   +   W - +4 plate armour
rPois    +         Reflect  .   d - +0 helmet
rElec    .         Harm     .   y - +0 cloak {rPois}
rCorr    .         Rampage  .   S - +0 pair of gloves
Will     .....                  (no boots)
Stlth    ..........             q - amulet of regeneration
HPRegen  0.64/turn              b - +6 ring of intelligence
MPRegen  0.30/turn              (no ring)

@: no status effects
A: hooves 2, slimy green scales 3, demonic guardian 1, magic shield, magic
regeneration
a: Renounce Religion, Wall of Briars, Grow Ballistomycete


You were on level 10 of the Dungeon.
You worshipped Fedhas.
Fedhas was most pleased with you.
You visited 2 branches of the dungeon, and saw 11 of its levels.

You collected 709 gold pieces.

Inventory:

Hand Weapons
 h - a +1 whip of venom
 x - a +3 quarterstaff of chaos (weapon)
 N - the +10 shortbow of Idomor {vorpal, rF+ Will+}
   (You found it on level 7 of the Dungeon)

   Any arrow fired from it inflicts extra damage.
   It protects you from fire.
   It affects your willpower, your defense against some magical effects.
Missiles
 m - 42 poisoned darts (quivered)
 Q - 124 bolts
 R - 102 arrows
Armour
 c - a +0 kite shield
 d - a +0 helmet (worn)
 y - a +0 cloak of poison resistance (worn)
 S - a +0 pair of gloves (worn)
 W - a +4 plate armour (worn)
Magical Staves
 K - an uncursed staff of conjuration
Jewellery
 b - a +6 ring of intelligence (left hand)
 o - an uncursed ring of poison resistance
 q - an amulet of regeneration (around neck)
Wands
 a - a wand of flame (23)
 I - a wand of disintegration (18)
 M - a wand of paralysis (14)
 U - a wand of random effects (14)
 V - a wand of iceblast (3)
Scrolls
 e - 3 scrolls of magic mapping
 f - 4 scrolls of teleportation
 k - 3 scrolls of fear {unknown}
 l - 3 scrolls of enchant weapon {unknown}
 r - 3 scrolls of amnesia
 u - a scroll of fog
 v - 2 scrolls of blinking
 C - a scroll of silence
 D - 3 scrolls of remove curse
Potions
 g - 2 potions of mutation
 i - 3 potions of brilliance
 j - 4 potions of heal wounds
 n - a potion of magic
 p - 2 potions of lignification
 s - a potion of cancellation {unknown}
 t - a potion of haste {unknown}
 w - 2 potions of flight {unknown}
 z - 2 potions of curing {unknown}
 A - 2 potions of might
 B - 2 potions of degeneration {unknown}
 G - a potion of berserk rage {unknown}
 J - a potion of ambrosia {unknown}
 P - 3 potions of attraction {unknown}


   Skills:
 + Level 7.1 Fighting
 * Level 8.5 Polearms
 + Level 6.3 Armour
 + Level 6.4 Shields
 + Level 6.7 Necromancy
 + Level 8.0 Invocations
 + Level 4.0 Evocations


You had 10 spell levels left.
You didn't know any spells.
Your spell library contained the following spells:

 Spells                   Type           Power        Failure   Level
 Animate Skeleton         Necr           40%          36%         1
 Pain                     Necr           80%          36%         1
 Vampiric Draining        Necr           10%          75%         3
 Animate Dead             Necr           10%          98%         4
 Cause Fear               Hex            0%           100%        4
 Agony                    Necr           20%          100%        5
 Silence                  Hex/Air        0%           100%        5
 Yara's Violent Unravell  Hex/Tmut       0%           100%        5
 Discord                  Hex            0%           100%        8


Dungeon Overview and Level Annotations

Branches:
Dungeon (10/15)            Temple (1/1) D:5             Orc (0/2) D:10
   Lair: D:8-11

Altars:
Ashenzari
Cheibriados
Dithmenos
Elyvilon
Fedhas
Gozag
Hepliaklqana
Kikubaaqudgha
Makhleb
Nemelex Xobeh
Okawaru
Qazlal
Ru
Sif Muna
Trog
Uskayaw
Vehumet
Wu Jian
Xom
Yredelemnul
Zin
The Shining One

Shops:
D:8 (


Innate Abilities, Weirdness & Mutations

You have hoof-like feet.
You are completely covered in slimy green scales. (AC +4, rPois)
A weak demonic guardian rushes to your aid.
When hurt, damage is shared between your health and your magic reserves.
You regenerate magic rapidly.


Message History

The red ugly thing closely misses your iron imp.
Your iron imp hits the centaur warrior skeleton!
The centaur warrior skeleton is destroyed!
Fedhas accepts your kill.
Your Evocations skill increases to level 4!
Your iron imp hits the red ugly thing!
Your iron imp closely misses the red ugly thing.
Your plate armour prevents you from hitting the red ugly thing.
You kick the red ugly thing!
The red ugly thing is moderately wounded.
The red ugly thing tail-slaps you!
* * * LOW HITPOINT WARNING * * *
You are engulfed in flames!!
* * * LOW HITPOINT WARNING * * *
Your iron imp hits the red ugly thing!
Your iron imp hits the red ugly thing.
The red ugly thing tail-slaps you!
* * * LOW HITPOINT WARNING * * *
You are engulfed in flames!
You die...
Fedhas appreciates your contribution to the ecosystem.

...#..#####.....##........#
#..#........##..##........#
#..#........##..##........#
#..#........##..##........#
#..#...###..##..##........#
#......# #..##..##........#
#......# #..##..##.>......#
#......# #..##..##5........
#......# #......@u.5.....##
#......# #.......#.......#
#......# #..###..#.......#
#......# #..# #..#.......#
.......# #..# #..#.......#
.......# #..# #..#.......#
.......# #..# #..#.......#
......)###..# #..........#
......()(..(# #...


You could see a red ugly thing and 2 friendly iron imps.

Vanquished Creatures
  Pikel (D:8)
  An ugly thing (D:7)
  The ghost of vvl the Chopper, a novice DrFi (D:5)
  A troll (D:9)
  The ghost of Tarl the Skirmisher, an amateur MiDe (D:5)
  Grinder (D:3)
  2 wyverns
  8 yaks
  A warg (D:10)
  A swamp worm (D:8)
  3 orc warriors (D:10)
  2 phantoms
  A sky beast (D:9)
  A hornet zombie (D:5)
  2 black bears (D:9)
  4 ogres
  6 centaurs
  3 ice beasts
  2 big kobolds
  8 bullfrogs
  4 scorpions
  6 killer bees
  7 wights
  A howler monkey (D:3)
  4 bullfrog zombies
  3 jellies
  4 hounds
  3 orc priests (D:10)
  4 orc wizards
  Crazy Yiuf (D:2)
  Terence (D:3)
  3 iguanas
  4 worker ants
  Natasha (twice) (D:3)
  A hound skeleton (D:5)
  A howler monkey zombie (D:5)
  3 worker ant zombies
  12 adders
  3 shadow imps
  An adder skeleton (D:5)
  2 adder zombies
  2 worms
  4 dart slugs
  3 leopard geckos
  36 orcs
  2 ball pythons
  7 giant cockroaches
  4 goblins
  7 hobgoblins
  18 jackals
  A quokka (D:3)
  8 bats
  4 frilled lizards
  16 kobolds
  2 quokka skeletons
  A quokka zombie (D:5)
  A rat (D:2)
236 creatures vanquished.

Vanquished Creatures (collateral kills)
  A centaur skeleton (D:10)
  2 yaks (D:9)
  An orc warrior (D:6)
  A phantom (D:5)
  A centaur (D:8)
  2 bullfrogs
  A wight (D:6)
  A hound (D:4)
  Natasha (D:3)
  A worker ant (D:4)
  An adder zombie (D:5)
  An orc (D:10)
  A kobold (D:9)
15 creatures vanquished.

Vanquished Creatures (others)
  An orc (D:10)
  A plant (D:10)
  6 withered plants (D:5)
8 creatures vanquished.

Grand Total: 259 creatures vanquished

Notes
Turn   | Place    | Note
-------+----------+-------------------------------------------
     0 | D:1      | vvl the Demonspawn Fighter began the quest for the Orb.
     0 | D:1      | Reached XP level 1. HP: 18/18 MP: 1/1
    40 | D:1      | Gained mutation: You have large cloven feet. [demonic
                  | ancestry]
    40 | D:1      | Reached XP level 2. HP: 22/24 MP: 2/2
   590 | D:2      | Reached skill level 1 in Invocations
   591 | D:2      | Gained mutation: You have hoof-like feet. [demonic
                  | ancestry]
   591 | D:2      | Reached XP level 3. HP: 11/29 MP: 3/3
   881 | D:2      | Reached skill level 1 in Necromancy
  1266 | D:2      | Gained mutation: When hurt, damage is shared between your
                  | health and your magic reserves. [demonic ancestry]
  1266 | D:2      | Reached XP level 4. HP: 35/35 MP: 5/5
  1406 | D:2      | Found a sparkling altar of Nemelex Xobeh.
  1406 | D:2      | Found an opulent altar of Gozag.
  1470 | D:2      | Found a runed translucent door.
  1471 | D:2      | Noticed Crazy Yiuf
  1511 | D:2      | Paralysed by Crazy Yiuf for 6 turns
  1518 | D:2      | Killed Crazy Yiuf
  1854 | D:3      | Noticed Terence
  1856 | D:3      | Noticed Grinder
  1873 | D:3      | Killed Terence
  1874 | D:3      | Reached XP level 5. HP: 31/41 MP: 3/6
  1879 | D:3      | Paralysed by Grinder for 6 turns
  1899 | D:3      | Killed Grinder
  1900 | D:3      | Gained mutation: A weak demonic guardian rushes to your
                  | aid. [demonic ancestry]
  1900 | D:3      | Reached XP level 6. HP: 38/48 MP: 4/8
  2169 | D:3      | Noticed Natasha
  2176 | D:3      | Killed Natasha
  2232 | D:3      | Found a burning altar of Makhleb.
  2323 | D:3      | Found a shadowy altar of Dithmenos.
  2441 | D:3      | Noticed Natasha
  2446 | D:3      | Killed Natasha
  2696 | D:3      | Noticed Natasha
  2700 | D:3      | Killed Natasha
  3322 | D:4      | Gained mutation: You are partially covered in slimy green
                  | scales. (AC +2) [demonic ancestry]
  3322 | D:4      | Reached XP level 7. HP: 54/54 MP: 9/9
  3477 | D:5      | Entered Level 5 of the Dungeon
  3778 | D:5      | Found a staircase to the Ecumenical Temple.
  3791 | Temple   | Entered the Ecumenical Temple
  3940 | D:5      | Found a hide-covered altar of Uskayaw.
  3975 | D:5      | Gained mutation: You regenerate magic rapidly. [demonic
                  | ancestry]
  3975 | D:5      | Reached XP level 8. HP: 57/61 MP: 9/11
  4010 | D:5      | Reached skill level 5 in Polearms
  4040 | D:5      | Found a blossoming altar of Fedhas.
  4055 | D:5      | Became a worshipper of Fedhas Madash
  4141 | D:5      | Found a runed translucent gate.
  4141 | D:5      | Found a runed translucent gate.
  4143 | D:5      | Found a runed translucent gate.
  4147 | D:5      | Noticed Tarl's ghost (amateur MiDe)
  4147 | D:5      | Noticed vvl's ghost (novice DrFi)
  4453 | D:5      | Killed vvl's ghost
  4454 | D:5      | Reached skill level 5 in Fighting
  4460 | D:5      | Killed Tarl's ghost
  4461 | D:5      | Reached skill level 5 in Invocations
  4863 | D:6      | Reached XP level 9. HP: 57/68 MP: 9/13
  5213 | D:6      | Reached skill level 5 in Shields
  5304 | D:7      | Reached * piety under Fedhas
  5331 | D:7      | Reached skill level 5 in Armour
  5342 | D:7      | Noticed a cyan ugly thing
  5355 | D:7      | Killed a cyan ugly thing
  5356 | D:7      | Reached skill level 5 in Necromancy
  5356 | D:7      | Reached skill level 1 in Evocations
  5469 | D:7      | Got an ichor-stained shortbow
  5470 | D:7      | Identified the +10 shortbow of Idomor {vorpal, rF+ Will+}
                  | (You found it on level 7 of the Dungeon)
  5961 | D:8      | Noticed Pikel
  5971 | D:8      | Killed Pikel
  6199 | D:8      | Gained mutation: You are mostly covered in slimy green
                  | scales. (AC +3) [demonic ancestry]
  6199 | D:8      | Reached XP level 10. HP: 76/76 MP: 15/15
  6288 | D:8      | Noticed a two-headed ogre
  6295 | D:8      | a two-headed ogre changed into a swamp worm
  6391 | D:8      | Found a sparkling altar of Nemelex Xobeh.
  6653 | D:8      | Found Teduggig's Weapon Shop.
  6752 | D:9      | Reached ** piety under Fedhas
  7816 | D:10     | Entered Level 10 of the Dungeon
  7816 | D:10     | Found a staircase to the Orcish Mines.
  7820 | D:10     | Reached *** piety under Fedhas
  8128 | D:10     | Gained mutation: You are completely covered in slimy green
                  | scales. (AC +4, rPois) [demonic ancestry]
  8128 | D:10     | Reached XP level 11. HP: 60/84 MP: 12/16
  8243 | D:10     | Noticed a red ugly thing
  8261 | D:10     | HP: 3/84 [red ugly thing (7)]
  8261 | D:10     | Mangled by a red ugly thing

Illustrated notes

Levels and vault maps discovered:
D:1:      saegor_arrival_simple_a, layout_basic, chequers_serial_rivers_micro_d
D:2:      layout_basic, grunt_temple_overflow_opulence,
          chequers_serial_rivers_small_b, uniq_crazy_yiuf_cottage
D:3:      layout_rooms, nicolae_overflow_hidden_temple,
          lemuel_coloured_pillars_altar, hangedman_decor_points, uniq_natasha,
          uniq_terence, uniq_grinder
D:4:      layout_cave_pools, minmay_misc_feat_x, grunt_tough_drop
D:5:      layout_loops_ring, fedhas_ov_isle_minmay, lemuel_crystal_altar,
          minmay_temple_entry_tees, serial_undead, serial_undead_d,
          serial_undead_d, serial_undead_d, serial_undead_d,
          gammafunk_ghost_cemetery
D:6:      layout_cave_pods
D:7:      layout_rooms, hangedman_abyss_or_decor_lesser_grid,
          minmay_chambers_of_fives
D:8:      layout_basic, serial_shops, shop, nemelex_lonely_heart_becter,
          uniq_pikel
D:9:      layout_cross
D:10:     layout_long_grid, david_lair_shrubbed, david_orc_3, special_room
          [special_room_orc]
Temple:   regret_index_temple_sphere_string

Skill      XL: |  1  2  3  4  5  6  7  8  9 10 11 |
---------------+----------------------------------+-----
Polearms       | 2 3 4 6 7 8 |  8.5
Invocations    | 1 2 3 4 5 6 7 8 |  8.0
Necromancy     | 1 2 3 4 5 6 |  6.7
Armour         | 3 4 5 6 |  6.3
Shields        | 3 4 5 6 |  6.4
Fighting       | 4 5 6 7 |  7.1
Evocations     | 2 3 4 |  4.0

Action                   |  1- 3 |  4- 6 |  7- 9 | 10-12 || total
-------------------------+-------+-------+-------+-------++-------
Melee: Trident           |    17 |       |       |       ||    17
       Short sword       |    87 |    13 |       |       ||   100
       Kick              |    25 |    22 |    87 |    86 ||   220
       Quarterstaff      |       |    99 |   263 |   294 ||   656
  Use: Scroll            |       |     5 |     5 |     8 ||    18
       Potion            |       |       |     2 |       ||     2
 Stab: Distracted        |     1 |       |       |     1 ||     2
       Paralysed         |       |       |     3 |     3 ||     6
       Petrified         |       |       |     2 |     5 ||     7
Armor: Scale mail        |    61 |    46 |    51 |       ||   158
       Skin              |       |       |    23 |       ||    23
       Chain mail        |       |       |   104 |   213 ||   317
       Plate armour      |       |       |       |    32 ||    32
Dodge: Dodged            |    28 |    46 |    85 |   140 ||   299
Block: Kite shield       |    56 |     5 |       |       ||    61
